 Dungeon Crawl Stone Soup version 0.30-a0-368-g86fb4627a9 (webtiles) character file.

Game seed: 15696438404671082539

17 qeuew the Trooper (level 2, -2/27 HPs)
             Began as a Hill Orc Fighter on Nov 20, 2022.
             Succumbed to a goblin's poison
             ... on level 1 of the Dungeon.
             The game lasted 00:00:32 (299 turns).

qeuew the Trooper (Hill Orc Fighter)                 Turns: 299, Time: 00:00:32

Health: -2/27      AC:  6    Str: 18    XL:     2   Next: 62%
Magic:  2/2        EV:  9    Int:  8    God:
Gold:   36         SH:  4    Dex: 10    Spells: 1/1 levels left

rFire   . . .      SeeInvis .    a - +0 war axe
rCold   . . .      Faith    .    c - +0 buckler
rNeg    . . .      Spirit   .    b - +0 scale mail
rPois   .          Reflect  .    (no helmet)
rElec   .          Harm     .    (no cloak)
rCorr   .          Rampage  .    (no gloves)
Will    .....                    (no boots)
Stlth   ..........               (no amulet)
HPRegen 0.24/turn                (no ring)
MPRegen 0.08/turn                (no ring)

@: lethally poisoned (-2 -> -16), hasted, very quick
A: no striking features
a: no special abilities


You were on level 1 of the Dungeon.
You visited 1 branch of the dungeon, and saw 1 of its levels.

You collected 36 gold pieces.

Inventory:

Hand Weapons
 a - a +0 war axe (weapon)
Armour
 b - a +0 scale mail (worn)
 c - a +0 buckler (worn)
Jewellery
 e - a ring of protection from cold
Scrolls
 f - a scroll of blinking {unknown}
Potions
 d - a potion of might
 g - a potion of haste


   Skills:
 + Level 3.8 Fighting
 * Level 3.2 Axes
 + Level 3.4 Armour
 + Level 0.5 Dodging
 + Level 3.4 Shields


You had one spell level left.
You didn't know any spells.
Your spell library was empty.

Dungeon Overview and Level Annotations

Branches:
Dungeon (1/15)

Altars:


Message History

The ball python constricts you.
You slash the ball python!
You kill the ball python!
You completely miss the goblin.
You feel very sick. You block the goblin's attack.
The goblin hits you but does no damage.
You are more poisoned.
A goblin is nearby!
You barely miss the goblin.
You feel very sick. The goblin hits you but does no damage.
You are lethally poisoned!
There is a lethal amount of poison in your body!
You barely miss the goblin.
You feel very sick. You block the goblin's attack.
The goblin barely misses you.
There is a lethal amount of poison in your body!
You are too injured to fight recklessly!
There is a lethal amount of poison in your body!
You are too injured to fight recklessly!
You are too injured to fight recklessly!
It was a potion of haste.
You feel yourself speed up.
You feel very sick. The goblin hits you but does no damage.
You miss the goblin.
* * * LOW HITPOINT WARNING * * *
You feel sick.
You closely miss the goblin.
* * * LOW HITPOINT WARNING * * *
You feel sick.
The goblin hits you with a +1 dagger of venom.
* * * LOW HITPOINT WARNING * * *
You are more poisoned.
You closely miss the goblin.
* * * LOW HITPOINT WARNING * * *
You feel very sick. You block the goblin's attack.
You hit the goblin.
The goblin is moderately wounded.
You die...

### #.# ### #.#... #.#.# #.g.#
#@# #.#############
#.............#
#############.# #.#
############################.#
.................>.........#.#
#################.########.#.#
...................#


You could see a goblin.

Vanquished Creatures
  3 ball pythons (D:1)
  A bat (D:1)
  2 endoplasms (D:1)
  3 giant cockroaches (D:1)
  3 hobgoblins (D:1)
  2 rats (D:1)
14 creatures vanquished.

Notes
Turn   | Place    | Note
-------+----------+-------------------------------------------
     0 | D:1      | qeuew the Hill Orc Fighter began the quest for the Orb.
     0 | D:1      | Reached XP level 1. HP: 19/19 MP: 1/1
   133 | D:1      | Reached XP level 2. HP: 27/27 MP: 2/2
   299 | D:1      | Succumbed to a goblin's poison

Illustrated notes

Levels and vault maps discovered:
D:1:      kennysheep_arrival_seaside, layout_basic, dreamdust_princess_bridge

Skill      XL: |  1 |
---------------+----+-----
Axes           | 3 |  3.2
Fighting       | |  3.8
Armour         | |  3.4
Dodging        | |  0.5
Shields        | |  3.4

Action                   || total
-------------------------++-------
Melee: War axe           ||    47
  Use: Potion            ||     1
Armor: Scale mail        ||    22
Dodge: Dodged            ||    19
Block: Buckler           ||    15

Table legend: (Time is in decaauts)
 A = Elapsed time spent in this place.
 B = Non-inter-level travel time spent in this place.
 C = Inter-level travel time spent in this place.
 D = Time resting spent in this place.
 E = Time spent auto-exploring this place.
 F = Levels seen in this place.
 G = Mean time per level.
                   A        B        C        D        E       F      G
               +--------+--------+--------+--------+--------+-----+--------+
         Total |    315 |    315 |      0 |      0 |    215 |   1 |  315.0 |
       Dungeon |    315 |    315 |      0 |      0 |    215 |   1 |  315.0 |
               +--------+--------+--------+--------+--------+-----+--------+

Top non-repeatable levels by time:
     D:1: 315 daAuts
